 Dungeon Crawl Stone Soup version 0.26-a0-672-g1df16c3386 (webtiles) character file.

Game seed: 9122217596641876338

14898 strifetoe the Basher (level 11, 0/98 HPs)
             Began as a Palentonga Hedge Wizard on Oct 19, 2020.
             Was a High Priest of Okawaru.
             Slain by a freezing wraith (21 damage)
             ... led by a death knight
             ... on level 10 of the Dungeon.
             The game lasted 00:51:40 (20471 turns).

strifetoe the Basher (Palentonga Hedge Wizard)     Turns: 20471, Time: 00:51:40

Health: 0/98       AC: 20    Str: 15    XL:     11   Next: 94%
Magic:  15/17      EV: 11    Int: 16    God:    Okawaru [*****.]
Gold:   830        SH:  7    Dex: 10    Spells: 4/18 levels left

rFire    . . .     SeeInvis +   v - +1 morningstar
rCold    . . .     Faith    .   Q - +1 buckler {AC+3}
rNeg     . . .     Spirit   .   L - +0 steam dragon scales
rPois    +         Reflect  .   c - +0 hat
rElec    .         Harm     .   i - +0 cloak
rCorr    .         Rampage  .   d - +1 pair of gloves
MR       .....                  O - +0 barding
Stlth    +++.......             (no amulet)
HPRegen  0.26/turn              r - ring of poison resistance
MPRegen  0.15/turn              J - ring of wizardry

@: heroism
A: large, rugged brown scales 3, see invisible, deformed body, roll, armoured
tail
a: Rolling Charge, Heroism, Finesse, Renounce Religion


You were on level 10 of the Dungeon.
You worshipped Okawaru.
Okawaru was extremely pleased with you.
You visited 2 branches of the dungeon, and saw 12 of its levels.
You also visited: Sewer.

You collected 830 gold pieces.

Inventory:

Hand Weapons
 v - a +1 morningstar (weapon)
 z - a +1 dagger of venom
 K - the +1 flail "Aliliruj" {freeze, Dex+3}
   (You found it on level 7 of the Dungeon)

   It has been specially enchanted to freeze those struck by it, causing extra
   injury to most foes and up to half again as much damage against particularly
   susceptible opponents.
   It can also slow down cold-blooded creatures.
   It affects your dexterity (+3).
Armour
 b - a +0 troll leather armour
 c - a +0 hat (worn)
 d - a +1 pair of gloves (worn)
 i - a +0 cloak (worn)
 L - +0 steam dragon scales (worn)
 O - a +0 barding (worn)
 Q - a +1 buckler of protection (worn)
Magical Staves
 x - an uncursed staff of air
Jewellery
 g - a +6 ring of intelligence
 j - a cursed ring of teleportation {unknown}
 r - a ring of poison resistance (left hand)
 J - a ring of wizardry (right hand)
 P - an uncursed ring of protection from cold
Wands
 a - a wand of iceblast (8)
 p - a wand of flame (18)
Scrolls
 h - a scroll of fog
 l - 4 scrolls of remove curse
 n - a scroll of random uselessness
 s - 4 scrolls of identify
 u - 2 scrolls of amnesia
 y - 2 scrolls of enchant armour
 E - 3 scrolls of magic mapping
Potions
 e - 4 potions of curing
 f - 2 potions of magic
 m - 2 potions of lignification {unknown}
 o - a potion of haste
 q - 3 potions of mutation
 A - 2 potions of flight {unknown}
 C - 2 potions of degeneration {unknown}
 F - a potion of stabbing
 M - a potion of heal wounds
 N - a potion of brilliance {unknown}
Miscellaneous
 t - a condenser vane (inert)


   Skills:
 - Level 7.0(12.0) Fighting
 - Level 8.2(13.2) Maces & Flails
 + Level 4.7(9.7) Armour
 - Level 4.0(9.0) Dodging
 - Level 1.2(6.2) Stealth
 - Level 4.3(9.3) Shields
 - Level 4.2 Spellcasting
 - Level 7.0 Conjurations
 - Level 2.0 Summonings
 - Level 1.1 Translocations
 - Level 7.0 Transmutations
 - Level 2.0 Fire Magic
 - Level 3.2 Air Magic
 - Level 3.3 Poison Magic
 - Level 3.4 Invocations


You had 4 spell levels left.
You knew the following spells:

 Your Spells              Type           Power        Failure   Level
a - Magic Dart            Conj           ####         1%          1
b - Call Imp              Summ           #.......     4%          2
c - Mephitic Cloud        Conj/Pois/Air  ###.....     3%          3
d - Conjure Flame         Conj/Fire      ###.....     3%          3
e - Blink                 Tloc           N/A          6%          2
f - Spider Form           Tmut/Pois      ###.......   2%          3

Your spell library contained the following spells:

 Spells                   Type           Power        Failure   Level
 Sting                    Tmut/Pois      ###.         1%          1
 Poisonous Vapours        Pois/Air       ##....       2%          2
 Ignite Poison            Fire/Tmut/Pois ###.....     3%          3
 Freeze                   Ice            #...         7%          1
 Slow                     Hex            #.......     11%         2
 Gell's Gravitas          Tloc           #.........   12%         3
 Hailstorm                Conj/Ice       ##......     16%         4
 Olgreb's Toxic Radiance  Pois           ##......     16%         4
 Petrify                  Tmut/Erth      ##......     16%         4
 Confusing Touch          Hex            #.......     21%         3
 Frozen Ramparts          Ice            #.....       21%         3
 Ozocubu's Armour         Ice            #.......     21%         3
 Summon Ice Beast         Ice/Summ       #.......     38%         4
 Iskenderun's Battlesphe  Conj           ####....     11%         5
 Yara's Violent Unravell  Hex/Tmut       ##........   38%         5
 Bolt of Magma            Conj/Fire/Erth ##........   45%         5
 Metabolic Englaciation   Hex/Ice        #.........   86%         5
 Iron Shot                Conj/Erth      ##........   90%         6
 Orb of Destruction       Conj           ####......   95%         7
 Spellforged Servitor     Conj/Summ      ###.......   100%        7
 Tornado                  Air            ##........   100%        9


Dungeon Overview and Level Annotations

Branches:
Dungeon (11/15)            Temple (1/1) D:7            Lair (0/6) D:8
  Sewer (visited)
    Orc: D:9-12

Altars:
Dithmenos
Fedhas
Gozag
Kikubaaqudgha
Nemelex Xobeh
Okawaru
Qazlal
Ru
Sif Muna
Trog
Uskayaw
Vehumet
Xom
Zin
The Shining One

Annotations:
D:6 exclusion: downstairs
D:10 exclusion: downstairs


Innate Abilities, Weirdness & Mutations

You are completely covered in rugged brown scales. (AC +3, +7% HP)
You have supernaturally acute eyesight. (SInv)
Armour fits poorly on your strangely shaped body.
You can roll at foes to attack.
You have a long armoured tail.


Message History

There is a stone staircase leading down here.
You see here 3 scrolls of noise.
Okay, then.
The +1 flail "Aliliruj" {freeze, Dex+3} stops glowing.
v - a +1 morningstar (weapon)
You gain the combat prowess of a mighty hero.
You block the freezing wraith's attack. The freezing wraith barely misses you.
You hit the freezing wraith but do no damage.
You tail-slap the freezing wraith, but do no damage.
The freezing wraith hits you! The freezing wraith freezes you!
The freezing wraith barely misses you.
You hit the freezing wraith.
The freezing wraith is lightly damaged.
You block the freezing wraith's attack. The freezing wraith misses you.
You puncture the freezing wraith!
The freezing wraith is moderately damaged.
The freezing wraith hits you!
* * * LOW HITPOINT WARNING * * *
The freezing wraith freezes you!!
You die...

.....#####.........#
.........'......(..#
.....(####.........#
#####....#######'###
#....# #.# #####....#
#.# .........#####
#.#
#####..#.....###.#
...............W@#
######.#.....#.###
..####.#######.######
.........## #......<#
########..# #..######
##.# #(.# #.# #..#
#.# #..# #######.#
#..#


You could see a freezing wraith.

Vanquished Creatures
  3 two-headed ogres
  A death knight (D:11)
  An unseen horror (D:10)
  A deep elf mage (D:7)
  3 cyclopes
  A tengu conjurer (D:10)
  4 trolls
  A hornet (D:7)
  A vampire (D:11)
  A wraith (D:7)
  13 yaks
  A steam dragon (D:7)
  Menkaure (D:4)
  3 water moccasins
  3 black bears
  4 orc warriors
  Purgy (Sewer)
  6 ice beasts
  A phantom (D:6)
  A necrophage (D:10)
  8 sky beasts
  2 eyes of draining (D:10)
  8 ogres
  12 centaurs
  8 bullfrogs
  A gnoll sergeant (D:8)
  A wyvern zombie (D:10)
  A big kobold (D:9)
  5 scorpions
  3 wights (D:7)
  A hound (D:4)
  A bullfrog zombie (D:10)
  8 orc wizards
  An orc priest (D:8)
  2 centaur skeletons
  A gnoll shaman (D:9)
  A bullfrog skeleton (D:10)
  Jessica (D:2)
  An iguana (D:5)
  13 worker ants
  A hound skeleton (D:7)
  15 gnolls
  A howler monkey skeleton (D:8)
  18 adders
  3 shadow imps
  2 white imps (D:5)
  An ooze (D:5)
  An ufetubus (D:6)
  An adder skeleton (D:6)
  4 adder zombies
  3 worms
  3 dart slugs
  3 leopard geckos
  27 orcs
  A ball python (D:7)
  10 bats
  6 giant cockroaches
  11 goblins
  10 jackals
  8 quokkas
  3 frilled lizards (D:1)
  A jackal skeleton (D:5)
  14 kobolds
  A quokka skeleton (D:6)
  6 rats
284 creatures vanquished.

Vanquished Creatures (collateral kills)
  An ogre (D:4)
  3 bullfrogs (D:7)
  A wight (D:7)
  A hound (D:7)
  2 orc priests (D:3)
  Robin (D:2)
  8 adders
  4 orcs
  A giant cockroach (D:4)
  4 goblins (D:2)
  4 hobgoblins (D:2)
  A quokka skeleton (D:4)
31 creatures vanquished.

Grand Total: 315 creatures vanquished

Notes
Turn   | Place    | Note
-------+----------+-------------------------------------------
     0 | D:1      | strifetoe the Palentonga Hedge Wizard began the quest for
                  | the Orb.
     0 | D:1      | Reached XP level 1. HP: 14/14 MP: 4/4
     8 | D:1      | Reached skill level 1 in Conjurations
   228 | D:1      | Reached XP level 2. HP: 21/21 MP: 0/6
   520 | D:1      | Learned a level 2 spell: Call Imp
   860 | D:1      | Reached skill level 1 in Summonings
  1271 | D:1      | Reached XP level 3. HP: 27/27 MP: 4/7
  1980 | D:2      | Noticed Robin
  2024 | D:2      | Killed Robin
  2024 | D:2      | Reached XP level 4. HP: 31/35 MP: 0/8
  2116 | D:2      | Found a sparkling altar of Nemelex Xobeh.
  2265 | D:2      | Found a blossoming altar of Fedhas.
  2288 | D:2      | Noticed Jessica
  2790 | D:2      | Killed Jessica
  3198 | D:3      | Reached XP level 5. HP: 30/40 MP: 4/9
  3399 | D:3      | Learned a level 3 spell: Mephitic Cloud
  3800 | D:3      | Reached skill level 1 in Poison Magic
  4454 | D:4      | Noticed an ogre
  4468 | D:4      | Killed an ogre
  4468 | D:4      | Reached skill level 1 in Air Magic
  4468 | D:4      | Reached XP level 6. HP: 43/48 MP: 0/10
  4779 | D:4      | Noticed Menkaure
  4810 | D:4      | Killed Menkaure
  4831 | D:4      | Reached skill level 1 in Fighting
  4845 | D:4      | Found a glowing drain.
  4893 | Sewer    | Entered a sewer
  4958 | Sewer    | Reached XP level 7. HP: 48/55 MP: 11/11
  5051 | Sewer    | Noticed Purgy
  5060 | Sewer    | Killed Purgy
  5941 | D:4      | Reached skill level 1 in Armour
  6208 | D:5      | Entered Level 5 of the Dungeon
  6372 | D:4      | Learned a level 3 spell: Conjure Flame
  6432 | D:5      | Reached skill level 1 in Fire Magic
  6554 | D:5      | Reached XP level 8. HP: 70/70 MP: 1/12
  7234 | D:5      | Found a hide-covered altar of Uskayaw.
  9250 | D:7      | Got a scorched flail
  9251 | D:7      | Identified the cursed +1 flail "Aliliruj" {freeze, Dex+3}
                  | (You found it on level 7 of the Dungeon)
  9298 | D:7      | Reached skill level 1 in Maces & Flails
  9298 | D:7      | Reached XP level 9. HP: 43/75 MP: 6/15
  9443 | D:7      | Found a stormy altar of Qazlal.
  9480 | D:7      | Found a glowing silver altar of Zin.
  9499 | D:7      | Reached skill level 2 in Maces & Flails
  9523 | D:7      | Reached skill level 3 in Maces & Flails
  9591 | D:7      | Found a staircase to the Ecumenical Temple.
  9647 | D:7      | Noticed a troll
  9661 | D:7      | Killed a troll
  9661 | D:7      | Reached skill level 4 in Maces & Flails
  9745 | Temple   | Entered the Ecumenical Temple
  9823 | Temple   | Became a worshipper of Warmaster Okawaru
  9853 | D:7      | Paralysed by a hornet for 1 turns
  9856 | D:7      | Paralysed by a hornet for 3 turns
  9860 | D:7      | Paralysed by a hornet for 3 turns
  9868 | D:7      | Reached skill level 5 in Maces & Flails
 10652 | D:7      | Reached skill level 6 in Maces & Flails
 10827 | D:7      | Noticed a two-headed ogre
 11091 | D:7      | Reached * piety under Okawaru
 11266 | D:7      | Killed a two-headed ogre
 11266 | D:7      | Reached skill level 8 in Maces & Flails
 11322 | D:7      | Noticed a troll
 11333 | D:7      | Killed a troll
 11333 | D:7      | Reached XP level 10. HP: 81/83 MP: 9/16
 11345 | D:7      | Noticed a cyclops
 11817 | D:7      | Noticed a deep elf mage
 11830 | D:7      | Killed a deep elf mage
 11830 | D:7      | Reached ** piety under Okawaru
 11830 | D:7      | Reached skill level 5 in Conjurations
 11830 | D:7      | Reached skill level 1 in Invocations
 12288 | D:7      | Noticed a cyclops
 12348 | D:7      | Killed a cyclops
 12468 | D:7      | Identified Sif Muna's Disquisition on Aerial Shape Shifting
 12476 | D:7      | Learned a level 2 spell: Blink
 12735 | D:7      | Noticed a two-headed ogre
 12745 | D:7      | Killed a two-headed ogre
 12745 | D:7      | Reached *** piety under Okawaru
 13194 | D:8      | Found a staircase to the Lair.
 13935 | D:8      | Found an opulent altar of Gozag.
 14205 | D:8      | Reached skill level 5 in Fighting
 14693 | D:9      | Noticed a two-headed ogre
 14714 | D:9      | Killed a two-headed ogre
 14714 | D:9      | Reached **** piety under Okawaru
 14714 | D:9      | Reached XP level 11. HP: 23/97 MP: 7/17
 15635 | D:9      | Learned a level 3 spell: Spider Form
 15852 | D:9      | Reached skill level 1 in Transmutations
 16540 | D:10     | Entered Level 10 of the Dungeon
 17115 | D:10     | Reached skill level 5 in Transmutations
 17142 | D:10     | Reached ***** piety under Okawaru
 17142 | D:10     | Reached skill level 1 in Shields
 17561 | D:10     | Noticed an unseen horror
 17762 | D:10     | Killed an unseen horror
 17773 | D:10     | Identified the cursed +0 glaive of Naacsaeg {vorpal, rF+
                  | Int+2}
 17773 | D:10     | Identified the +2 ring mail "Eclugh" {-Tele Harm rC+ Dex+3}
 17773 | D:10     | Noticed a skeletal warrior
 19207 | D:11     | Noticed a boulder beetle
 19227 | D:11     | Noticed a death knight
 19228 | D:11     | Noticed a skeletal warrior
 19286 | D:11     | Noticed an unseen horror
 20038 | D:11     | Found a blossoming altar of Fedhas.
 20219 | D:11     | Killed a death knight
 20219 | D:11     | Received a gift from Okawaru
 20471 | D:10     | Slain by a freezing wraith

Illustrated notes

Levels and vault maps discovered:
D:1:      dpeg_arrival_tiny_i, layout_basic
D:2:      layout_loops_cross, lemuel_doored_altar,
          nemelex_xobeh_ov_fountains_minmay, uniq_jessica, uniq_robin
D:3:      layout_basic
D:4:      layout_basic, gup_sewer_entry_glass, uniq_menkaure
D:5:      layout_basic, eat_drink_and_be_merry_uskayaw
D:6:      layout_basic
D:7:      minmay_the_grid_octo_tiled_squarecenter
          [minmay_the_grid_octo_fan_narrow, minmay_the_grid_octo_teeth,
          minmay_the_grid_octo_thin_diamonds, minmay_the_grid_octo_empty,
          minmay_the_grid_square_5x5_megaprize_crossed,
          minmay_the_grid_square_5x5_n, minmay_the_grid_square_5x5_c,
          minmay_the_grid_square_5x5_moneybag,
          minmay_the_grid_square_5x5_one_wall], layout_loops_ring,
          kennysheep_mini_moat, nicolae_overflow_crystal_walls,
          chequers_decorated_corner, dk_noncrumbling_4, chequers_garden
D:8:      layout_cave_pools, grunt_gozag_statues, dpeg_oklobed_lair
D:9:      layout_irregular_city
D:10:     minmay_cut_squares, layout_basic
D:11:     layout_long_grid, hiddenorc1_lemuel, kennysheep_decorative_pillar,
          fedhas_altar_3
Temple:   lightli_temple_of_artemis

Skill      XL: |  1  2  3  4  5  6  7  8  9 10 11 |
---------------+----------------------------------+-----
Conjurations   | 1 2 3 4 7 |  7.0
Summonings     | 1 2 |  2.0
Poison Magic   | 2 3 |  3.3
Air Magic      | 1 3 |  3.2
Fighting       | 1 4 6 7 |  7.0
Armour         | 2 4 |  4.7
Fire Magic     | 2 |  2.0
Spellcasting   | 4 |  4.2
Dodging        | 4 |  4.0
Maces & Flails | 1 8 |  8.2
Invocations    | 3 |  3.4
Transmutations | 7 |  7.0
Shields        | 4 |  4.3
Stealth        | |  1.2
Translocations | |  1.1

Action                   |  1- 3 |  4- 6 |  7- 9 | 10-12 || total
-------------------------+-------+-------+-------+-------++-------
Melee: Dagger            |    44 |    34 |   174 |       ||   252
       Tailslap          |     8 |    12 |    37 |   100 ||   157
       Short sword       |    54 |   129 |       |       ||   183
       Flail             |       |       |    81 |   555 ||   636
       Punch             |       |       |       |     2 ||     2
       Morningstar       |       |       |       |     3 ||     3
 Cast: Magic Dart        |    50 |    30 |    73 |    72 ||   225
       Call Imp          |    10 |    27 |    28 |     6 ||    71
       Conjure Flame     |       |       |    13 |     9 ||    22
       Mephitic Cloud    |       |       |    15 |    49 ||    64
Invok: Heroism           |       |       |       |    16 ||    16
Evoke: Wand              |       |     6 |    21 |    42 ||    69
       Condenser vane    |       |       |       |     2 ||     2
  Use: Potion            |       |     1 |     5 |     5 ||    11
       Scroll            |       |     1 |     4 |    15 ||    20
 Stab: Sleeping          |     2 |     3 |     4 |     2 ||    11
       Distracted        |       |     1 |     1 |       ||     2
       Paralysed         |       |     9 |    27 |       ||    36
       Confused          |       |       |     8 |    21 ||    29
Armor: Robe              |    59 |    72 |    66 |       ||   197
       Steam dragon scal |       |       |    32 |   276 ||   308
Dodge: Dodged            |    51 |    92 |   171 |   303 ||   617
Block: Buckler           |       |       |       |    48 ||    48

Table legend: (Time is in decaauts)
 A = Elapsed time spent in this place.
 B = Non-inter-level travel time spent in this place.
 C = Inter-level travel time spent in this place.
 D = Time resting spent in this place.
 E = Time spent auto-exploring this place.
 F = Levels seen in this place.
 G = Mean time per level.
                   A        B        C        D        E       F      G
               +--------+--------+--------+--------+--------+-----+--------+
         Total |  20492 |  20100 |    392 |   7670 |   8530 |  13 | 1576.3 |
       Dungeon |  20033 |  19649 |    384 |   7473 |   8454 |  11 | 1821.2 |
        Temple |     88 |     80 |      8 |      0 |     76 |   1 |   88.0 |
         Sewer |    369 |    369 |      0 |    197 |      0 |   1 |  369.0 |
               +--------+--------+--------+--------+--------+-----+--------+

Top non-repeatable levels by time:
     D:7: 3829 daAuts
    D:10: 2376 daAuts
     D:9: 2221 daAuts
     D:1: 1853 daAuts
     D:6: 1773 daAuts
     D:8: 1754 daAuts
     D:4: 1590 daAuts
     D:2: 1528 daAuts
     D:5: 1133 daAuts
     D:3: 1059 daAuts
    D:11: 911 daAuts
   Sewer: 369 daAuts
  Temple: 88 daAuts
